 Seeded DCSS version 0.29.1-15-g9cfb28693d (webtiles) character file.

Game seed: 12947039438745426135 (custom seed)

70 Psyclone the Stinger (level 4, 0/27 HPs)
             Began as an Octopode Venom Mage on Sept 20, 2023.
             Succumbed to an adder's poison
             ... on level 2 of the Dungeon.
             The game lasted 00:04:16 (1521 turns).

Psyclone the Stinger (Octopode Venom Mage)          Turns: 1521, Time: 00:04:17

Health: 0/27       AC:  1    Str:  7    XL:     4   Next: 21%
Magic:  7/7        EV: 13    Int: 19    God:
Gold:   113        SH:  0    Dex: 15    Spells: 4/7 levels left

rFire   . . .      SeeInvis .   c - +5 spear of Resourcefulness {speed, Dex+3}
rCold   . . .      Faith    .   (no shield)
rNeg    . . .      Spirit   .   (helmet restricted)
rPois   .          Reflect  .   (no amulet)
rElec   .          Harm     .   (no ring)
rCorr   .          Rampage  .   (no ring)
Will    .....                   (no ring)
Stlth   +++.......              (no ring)
HPRegen 0.09/turn               (no ring)
MPRegen 0.10/turn               (no ring)
                                (no ring)
                                (no ring)

@: mighty, lethally poisoned (0 -> -1)
A: almost no armour, amphibious, 8 rings, camouflage 1, gelatinous body 1,
(nimble swimmer 1), tentacles
a: no special abilities


You were on level 2 of the Dungeon.
You visited 1 branch of the dungeon, and saw 2 of its levels.

You collected 113 gold pieces.

Inventory:

Hand Weapons
 c - the +5 spear of Resourcefulness (weapon) {speed, Dex+3}
   (You found it on level 1 of the Dungeon)

   Attacks with this weapon are significantly faster.
   Dex:       It affects your dexterity (+3).
Magical Staves
 h - a staff of conjuration
Potions
 a - a potion of magic
 d - 3 potions of brilliance


   Skills:
 - Level 2.0 Dodging
 - Level 2.6 Stealth
 - Level 2.0 Spellcasting
 - Level 1.0 Transmutations
 + Level 6.0 Poison Magic


You had 4 spell levels left.
You knew the following spells:

 Your Spells              Type           Power      Damage    Failure   Level
a - Poisonous Vapours     Pois/Air       26%        N/A       8%          2
v - Sting                 Tmut/Pois      60%        1d6       4%          1

Your spell library contained the following spells:

 Spells                   Type           Power      Damage    Failure   Level
 Olgreb's Toxic Radiance  Pois           24%        N/A       14%         4
 Sandblast                Erth           2%         2d4       17%         1
 Passwall                 Tmut/Erth      2%         N/A       21%         2
 Mephitic Cloud           Conj/Pois/Air  9%         N/A       22%         3
 Stone Arrow              Conj/Erth      2%         3d7       45%         3


Dungeon Overview and Level Annotations

Branches:
Dungeon (2/15) Zot: 10493

Altars:

Shops:
D:1 =


Innate Abilities, Weirdness & Mutations

You cannot wear most types of armour.
You are amphibious.
You can wear up to eight rings at the same time.
Your skin changes colour to match your surroundings (Stealth+).
Your rubbery body absorbs attacks. (AC +1, EV +1)
((You are camouflaged when in or above water. (Stealth+)))
You have tentacles for arms and can constrict up to eight enemies at once.


Message History

You constrict the adder, but do no damage.
You feel sick. The adder bites you.
You take 4 damage, and have 9/27 hp.
You hit the adder but do no damage. Your squeeze misses the adder.
The adder is severely wounded.
You constrict the adder.
You feel sick. The adder bites you.
* * * LOW HITPOINT WARNING * * *
You take 4 damage, and have 5/27 hp.
It was a potion of brilliance.
You feel clever all of a sudden.
You constrict the adder.
You kill the adder!
* * * LOW HITPOINT WARNING * * *
You feel sick.
Your Poison Magic skill increases to level 6!
You take 1 damage, and have 4/27 hp.
It was a potion of cancellation.
Your magical effects are unravelling.
You feel magically purged.
You feel a little less clever now.
* * * LOW HITPOINT WARNING * * *
You feel sick.
You take 1 damage, and have 3/27 hp.
It was a potion of might.
You feel very mighty all of a sudden.
* * * LOW HITPOINT WARNING * * *
You feel sick.
You take 1 damage, and have 2/27 hp.
Blink to where?
Press: ? - help, Dir - move target A goblin comes into view.
It is wielding a +0 dagger.
As you read the scroll labelled HOESOSHINTA, it crumbles to dust.
It was a scroll of blinking.
* * * LOW HITPOINT WARNING * * *
You feel sick.
You take 1 damage, and have 1/27 hp.
As you read the scroll labelled ZATIT YNEPOINEONI, it crumbles to dust.
It is a scroll of identify.
You don't have any unidentified items.
You die...

..##....# .#
####....###.#...
..##...$....+...
..........###....
...###....# #....
.#.###..†.###....
...(##..........#####
....#####§..........#
....# #.......@...#
###.# #...........#
.. ...
...[..........g. ##
.### .....#...####...
.# #.....#...# .. ..
......##### # .#
####### .#


You could see a goblin (asleep).

Vanquished Creatures
  3 adders (D:2)
  2 dart slugs
  3 ball pythons (D:1)
  2 bats (D:1)
  An endoplasm (D:1)
  3 giant cockroaches
  2 goblins (D:1)
  2 hobgoblins (D:1)
  8 jackals
  4 kobolds
  2 quokkas (D:1)
  A frilled lizard (D:2)
  3 rats
36 creatures vanquished.

Vanquished Creatures (others)
  2 plants (D:1)
2 creatures vanquished.

Grand Total: 38 creatures vanquished

Notes
Turn   | Place    | Note
-------+----------+-------------------------------------------
     0 | D:1      | Psyclone the Octopode Venom Mage began the quest for the
                  | Orb.
     0 | D:1      | Reached XP level 1. HP: 11/11 MP: 3/3
    56 | D:1      | Reached skill level 4 in Poison Magic
    59 | D:1      | Reached XP level 2. HP: 5/17 MP: 0/5
   426 | D:1      | Learned a level 2 spell: Poisonous Vapours
   438 | D:1      | Found a faded altar of an unknown god.
   449 | D:1      | Identified the +5 spear of Resourcefulness {speed, Dex+3}
   597 | D:1      | Found Dunosm's One-of-a-Kind Rings.
   757 | D:1      | Reached XP level 3. HP: 17/21 MP: 6/6
   816 | D:1      | Reached skill level 5 in Poison Magic
  1481 | D:2      | Reached XP level 4. HP: 23/27 MP: 7/7
  1518 | D:2      | Reached skill level 6 in Poison Magic
  1520 | D:2      | HP: 1/27 [poisoned by an adder]
  1521 | D:2      | Succumbed to an adder's poison

Illustrated notes

Levels and vault maps discovered:
D:1:      kennysheep_arrival_forest, layout_rooms,
          hellmonk_ecumenical_altar_lost_god, nicolae_shop_unique_rings,
          serial_bayou_ford_a
D:2:      layout_basic, serial_shops, nicolae_shop_trees

Skill      XL: |  1  2  3  4 |
---------------+-------------+-----
Poison Magic   | 4 5 6 |  6.0
Dodging        | |  2.0
Stealth        | |  2.6
Spellcasting   | |  2.0
Transmutations | |  1.0

Action                   |  1- 3 |  4- 6 || total
-------------------------+-------+-------++-------
Melee: Unarmed           |    10 |       ||    10
       Constrict         |    12 |     2 ||    14
       Tentacles         |     9 |     1 ||    10
       Spear             |    44 |     9 ||    53
 Cast: Sting             |    11 |       ||    11
  Use: Potion            |       |     3 ||     3
       Scroll            |       |     2 ||     2
 Stab: Sleeping          |     6 |       ||     6
Armor: Skin              |     3 |     1 ||     4
Dodge: Dodged            |    31 |     1 ||    32
